 Dungeon Crawl Stone Soup version 0.19.0 (webtiles) character file.

2485 CanadianGator the Carver (level 9, 0/77 HPs)
             Began as a Minotaur Berserker on Nov 15, 2016.
             Was an Elder of Trog.
             Succumbed to an orc warrior's poison
             ... on level 7 of the Dungeon.
             The game lasted 00:21:19 (4425 turns).

CanadianGator the Carver (Minotaur Berserker)       Turns: 4425, Time: 00:21:20

Health: 0/77       AC:  8    Str: 24    XL:     9   Next: 27%
Magic:  8/8        EV: 13    Int:  4    God:    Trog [****..]
Gold:   245        SH:  0    Dex: 11    Spells: 0 memorised, 8 levels left

rFire  + . .     SeeInvis +     y - -2 falchion (curse)
rCold  . . .     Gourm    .     n - -2 ring mail (curse)
rNeg   . . .     Faith    .     (no shield)
rPois  .         Spirit   .     (helmet restricted)
rElec  .         Reflect  .     (no cloak)
rCorr  .         Harm     .     d - -1 pair of gloves (curse)
MR     .....                    r - +2 pair of boots
Stlth  +.........               m - amulet of regeneration
                                t - ring of protection from fire
                                e - ring of see invisible

@: lethally poisoned (0 -> -29)
A: retaliatory headbutt, horns 2
a: Berserk, Trog's Hand, Brothers in Arms, Burn Spellbooks, Renounce Religion


You were on level 7 of the Dungeon.
You worshipped Trog.
Trog was greatly pleased with you.
You were not hungry.

You visited 1 branch of the dungeon, and saw 7 of its levels.

You collected 323 gold pieces.
You spent 78 gold pieces at shops.

Inventory:

Hand Weapons
 a - a +0 falchion
 v - a +0 great sword
 y - a cursed -2 falchion (weapon)
Missiles
 C - 8 poisoned tomahawks (quivered)
Armour
 d - a cursed -1 pair of gloves (worn)
 h - a +1 chain mail of fire resistance
 i - a +2 chain mail of cold resistance
 n - a cursed -2 ring mail (worn)
 r - a +2 pair of boots (worn)
 z - a +0 plate armour
 D - the +7 chain mail of Nyfuplun {rN+, unknown}
   (You found it on level 6 of the Dungeon)

   It protects you from negative energy.
Jewellery
 e - a ring of see invisible (left hand)
 m - an amulet of regeneration (around neck)
 t - a ring of protection from fire (right hand)
Wands
 j - a wand of digging (6/24)
 u - a wand of iceblast (10/15)
 w - a wand of slowing (21/48)
 x - a wand of random effects (19/48)
 A - a wand of random effects (9/48)
 G - a wand of polymorph (12/24)
Scrolls
 k - 2 scrolls of teleportation
 s - 2 scrolls of recharging
Potions
 b - a potion of brilliance
 g - a potion of resistance
 l - a potion of magic
 o - a potion of agility
 p - 3 potions of curing {unknown}
 q - a potion of degeneration {unknown}
 E - a potion of berserk rage {unknown}
Comestibles
 c - 5 bread rations
 f - 2 meat rations
 B - 8 slices of pizza
 F - 5 fruits
 H - 2 beef jerkies
 I - 4 chunks of flesh


   Skills:
 + Level 6.3 Fighting
 * Level 11.0 Long Blades
 * Level 8.6 Armour
 + Level 4.5 Dodging


You had 8 spell levels left.
You didn't know any spells.

Dungeon Overview and Level Annotations

Branches:
Dungeon (7/15)             Temple (0/1) D:5

Altars:
Elyvilon
Makhleb
Ru
Sif Muna
Vehumet
Yredelemnul

Shops:
D:4 *


Innate Abilities, Weirdness & Mutations

You reflexively headbutt those who attack you in melee.
You have a pair of horns on your head.


Message History

The orc warrior is severely wounded.
You feel very sick.
The orc warrior hits you with a trident of venom!
* * * LOW HITPOINT WARNING * * *
You barely miss the orc warrior.
You headbutt the orc warrior, but do no damage.
The orc warrior is severely wounded.
* * * LOW HITPOINT WARNING * * *
You feel sick.
You barely miss the orc warrior.
The orc warrior is severely wounded.
* * * LOW HITPOINT WARNING * * *
You feel very sick.
The orc warrior hits you but does no damage.
You are more poisoned.
You completely miss the orc warrior. You headbutt the orc warrior.
You kill the orc warrior!
Trog accepts your kill.
Your Long Blades skill increases to level 11!
You die...

.###.##.#####..#
.##.#.#.........
...###.###########
###.#..## #..
.###....# #.# ##
###..# #.# # #..# #o#
######..# #)#
#.......# #@#
#######.# #.#### #
#....########....#
####.####...........#
.##...###.########..#
.......##.# .....
###....##.# #.###
##.#.##.# .# #.#.##.#
.#


You could see an orc.

Vanquished Creatures
  A yak (D:7)
  3 hogs (D:7)
  A human (D:7)
  The ghost of luckyleol the Skirmisher, an amateur DsAK of Lugonu (D:3)
  A sky beast (D:6)
  2 orc warriors
  A black bear (D:6)
  A centaur (D:6)
  4 ogres
  A bullfrog (D:6)
  2 bullfrog zombies
  A quasit (D:6)
  3 iron imps (D:5)
  An orc priest (D:5)
  2 hounds (D:4)
  A bullfrog skeleton (D:7)
  7 orc wizards
  Ijyb (D:2)
  3 worker ants (D:6)
  A worker ant zombie (D:5)
  4 gnolls (D:2)
  4 adders
  An ooze (D:4)
  An adder zombie (D:7)
  An adder skeleton (D:4)
  3 worms
  10 dart slugs
  2 leopard geckos
  16 orcs
  5 ball pythons
  3 giant cockroaches
  6 goblins
  3 hobgoblins
  5 jackals
  5 quokkas
  5 bats
  A frilled lizard (D:3)
  6 kobolds
  3 rats
122 creatures vanquished.

Notes
Turn   | Place    | Note
-------+----------+-------------------------------------------
     0 | D:1      | CanadianGator the Minotaur Berserker began the quest for the Orb.
     0 | D:1      | Reached XP level 1. HP: 19/19 MP: 0/0
   404 | D:1      | Reached skill level 4 in Long Blades
   404 | D:1      | Reached XP level 2. HP: 26/27 MP: 1/1
   655 | D:2      | Noticed Ijyb
   673 | D:2      | Killed Ijyb
   673 | D:2      | Reached XP level 3. HP: 22/33 MP: 2/2
   714 | D:2      | Found a radiant altar of Vehumet.
   761 | D:2      | Reached XP level 4. HP: 36/40 MP: 3/3
   762 | D:2      | Reached skill level 5 in Long Blades
  1200 | D:3      | Reached ** piety under Trog
  1200 | D:3      | Reached XP level 5. HP: 45/47 MP: 4/4
  1576 | D:3      | Found a faded altar of an unknown god.
  1760 | D:3      | Noticed luckyleol's ghost (amateur DsAK)
  1770 | D:3      | Killed luckyleol's ghost
  1770 | D:3      | Reached skill level 6 in Long Blades
  1770 | D:3      | Reached XP level 6. HP: 29/53 MP: 5/5
  1947 | D:4      | HP: 1/53 [dart slug/slug dart (6)]
  1952 | D:4      | HP: 1/53 [dart slug/slug dart (3)]
  1972 | D:4      | Reached skill level 5 in Armour
  2048 | D:4      | Reached skill level 7 in Long Blades
  2088 | D:4      | Reached *** piety under Trog
  2218 | D:4      | Found a basalt altar of Yredelemnul.
  2268 | D:4      | Reached XP level 7. HP: 48/60 MP: 6/6
  2568 | D:4      | Found Faces's General Store.
  2581 | D:4      | Bought a +0 great sword for 78 gold pieces
  2635 | D:5      | Entered Level 5 of the Dungeon
  2771 | D:5      | Found a white marble altar of Elyvilon.
  2855 | D:5      | Found a burning altar of Makhleb.
  2871 | D:5      | Reached skill level 5 in Fighting
  3077 | D:5      | Reached skill level 8 in Long Blades
  3094 | D:5      | Reached XP level 8. HP: 48/68 MP: 7/7
  3216 | D:5      | Found a staircase to the Ecumenical Temple.
  3410 | D:6      | Received a gift from Trog
  3413 | D:6      | Reached **** piety under Trog
  3454 | D:6      | Reached skill level 9 in Long Blades
  3559 | D:6      | Got a smoking chain mail
  3675 | D:6      | Found a sacrificial altar of Ru.
  3675 | D:6      | Found a deep blue altar of Sif Muna.
  4231 | D:7      | Reached skill level 10 in Long Blades
  4235 | D:7      | Reached XP level 9. HP: 41/75 MP: 8/8
  4424 | D:7      | HP: 2/75 [poisoned by an orc warrior]
  4425 | D:7      | Reached skill level 11 in Long Blades
  4425 | D:7      | Succumbed to an orc warrior's poison

Skill      XL: |  1  2  3  4  5  6  7  8  9 |
---------------+----------------------------+-----
Long Blades    | 4 5 6 7 8 10 11 | 11.0
Fighting       | 4 5 6 |  6.3
Armour         | 3 4 5 6 8 |  8.6
Dodging        | 3 4 |  4.5

Action                   |  1- 3 |  4- 6 |  7- 9 || total
-------------------------+-------+-------+-------++-------
Melee: Falchion          |    62 |   135 |   132 ||   329
       Headbutt          |    14 |    30 |    39 ||    83
       Great sword       |       |       |    44 ||    44
Throw: Tomahawk          |       |       |     1 ||     1
Invok: Berserk           |     1 |     2 |     2 ||     5
       Trog's Hand       |       |     2 |       ||     2
       Burn Spellbooks   |       |     1 |       ||     1
  Use: Scroll            |     3 |     3 |     6 ||    12
  Eat: Chunk             |       |     6 |     2 ||     8
       Bread ration      |       |     1 |     1 ||     2
Armor: Chain mail        |    41 |    25 |       ||    66
       Animal skin       |     4 |       |       ||     4
       Ring mail         |       |    22 |    57 ||    79
Dodge: Dodged            |    24 |    90 |   102 ||   216
       Rpst.: Falchion   |     3 |    27 |    14 ||    44
       Great sword       |       |       |     9 ||     9
